Map: Rhoskallian LE

Players

qqq - Winner!

  • Race: Protoss Protoss
  • League: Platinum
  • Spawn Location: 12:00

Massa - Winner!

  • Race: Terran Terran
  • League: Platinum
  • Spawn Location: 11:00

EMV

  • Race: Terran Terran
  • Spawn Location: 5:00

Markus

  • Race: Protoss Protoss
  • League: Platinum
  • Spawn Location: 6:00

VOD

Have the link to the VOD?

Description

Time

  • Played on: Jan. 25, 2021, 2:57 p.m.
  • Length: 20:47
Show
View Real Time Build Order
Export as new Build Order

qqq Protoss - Winner!

Build Orders: Carriers 

Get SALT Encoding   

  12  0:00  Probe  
  13  0:14  Pylon  
  13  0:19  Probe  
  14  0:31  Probe  
  15  0:38  Forge  
  15  0:43  Probe  
  16  0:59  Probe  
  17  1:14  Pylon  
  17  1:25  Pylon  
  17  1:31  Pylon  
  17  2:04  Pylon  
  16  2:16  Probe (Chrono Boost)  
  16  2:21  Nexus  
  17  2:23  Assimilator  
  17  2:24  Pylon  
  17  2:26  Probe (Chrono Boost)  
  17  2:27  Assimilator  
  17  2:29  Gateway  
  18  2:31  Probe (Chrono Boost)  
  19  2:42  Probe (Chrono Boost)  
  20  2:50  Probe (Chrono Boost)  
  21  2:57  Probe (Chrono Boost)  
  22  3:07  Probe (Chrono Boost)  
  22  3:12  Probe (Chrono Boost)  
  23  3:16  Cybernetics Core  
  24  3:24  Probe (Chrono Boost)  
  25  3:32  Probe (Chrono Boost)  
  27  3:34  Probe (Chrono Boost)  
  28  3:44  Probe x2 (Chrono Boost)  
  29  3:49  Probe (Chrono Boost)  
  29  3:50  Probe  
  29  3:53  Stargate  
  31  3:57  Stargate  
  31  4:01  Pylon  
  31  4:02  Probe  
  32  4:09  Probe  
  33  4:14  Probe, Photon Cannon  
  34  4:19  Assimilator  
  34  4:21  Probe  
  34  4:23  Assimilator  
  35  4:26  Probe  
  36  4:34  Probe  
  36  4:36  Phoenix  
  39  4:38  Probe  
  39  4:41  Protoss Air Weapons Level 1 (Chrono Boost)  
  39  4:43  Phoenix  
  42  4:46  Probe  
  42  4:50  Probe  
  44  4:58  Probe  
  45  5:01  Phoenix  
  45  5:03  Probe  
  45  5:10  Probe  
  46  5:15  Probe  
  44  5:22  Probe (Chrono Boost)  
  44  5:23  Phoenix  
  48  5:30  Probe (Chrono Boost)  
  48  5:32  Assimilator  
  48  5:34  Probe (Chrono Boost)  
  49  5:42  Probe x2 (Chrono Boost)  
  51  5:45  Phoenix  
  51  5:48  Probe  
  54  5:50  Nexus  
  54  5:51  Probe  
  55  6:00  Probe  
  55  6:01  Fleet Beacon  
  55  6:03  Probe  
  57  6:04  Phoenix  
  59  6:21  Phoenix  
  61  6:31  Pylon  
  61  6:38  Pylon  
  61  6:41  Pylon  
  61  6:45  Pylon  
  61  6:46  Protoss Air Armor Level 1 (Chrono Boost)  
  61  6:49  Phoenix  
  61  6:52  Pylon  
  61  6:54  Robotics Facility  
  63  6:59  Phoenix  
  65  7:14  Phoenix  
  67  7:17  Anion Pulse-Crystals (Chrono Boost)  
  67  7:24  Phoenix  
  67  7:28  Probe (Chrono Boost)  
  70  7:31  Photon Cannon  
  70  7:34  Photon Cannon  
  70  7:36  Shield Battery  
  70  7:39  Photon Cannon  
  70  7:40  Probe (Chrono Boost)  
  71  7:45  Phoenix  
  71  7:48  Probe (Chrono Boost)  
  71  7:49  Tempest  
  79  7:55  Probe  
  80  8:04  Nexus  
  80  8:07  Probe  
  80  8:10  Phoenix  
  83  8:24  Probe, Assimilator  
  84  8:28  Assimilator  
  84  8:30  Pylon  
  84  8:33  Pylon  
  85  8:34  Observer  
  85  8:36  Probe  
  85  8:39  Protoss Air Weapons Level 2  
  85  8:48  Probe, Carrier  
  93  8:55  Observer  
  93  9:01  Probe  
  94  9:13  Probe  
  94  9:15  Carrier  
  86  9:52  Carrier  
  92  9:56  Probe  
  93  10:08  Probe  
  94  10:18  Tempest  
  94  10:21  Probe (Chrono Boost)  
  100  10:30  Probe (Chrono Boost)  
  100  10:34  Mothership (Chrono Boost)  
  109  10:40  Probe (Chrono Boost)  
  110  10:45  Nexus  
  110  10:48  Probe (Chrono Boost), Photon Cannon  
  111  10:53  Observer  
  111  10:56  Tempest  
  117  10:59  Nexus  
  117  11:00  Pylon  
  117  11:04  Pylon  
  117  11:15  Pylon  
  117  11:18  Tempest  
  122  11:31  Nexus  
  116  11:33  Pylon  
  116  11:37  Pylon  
  116  11:38  Tempest  
  113  12:01  Carrier  
  113  12:03  Stargate x2  
  113  12:05  Pylon  
  113  12:06  Pylon  
  119  12:08  Pylon  
  119  12:10  Pylon  
  119  12:12  Pylon  
  119  12:14  Pylon  
  119  12:20  Probe  
  119  12:22  Pylon, Assimilator  
  119  12:23  Protoss Air Armor Level 2  
  119  12:25  Probe  
  119  12:29  Photon Cannon  
  120  12:32  Probe  
  120  12:33  Photon Cannon  
  120  12:35  Shield Battery  
  121  12:38  Probe, Shield Battery  
  121  12:40  Pylon  
  121  12:41  Pylon  
  121  12:43  Pylon  
  123  12:44  Probe  
  123  12:45  Pylon  
  123  12:47  Pylon  
  123  12:50  Probe  
  123  12:51  Tempest  
  129  12:56  Probe  
  130  13:02  Probe  
  131  13:08  Probe  
  132  13:14  Probe  
  133  13:24  Carrier x3  
  151  13:33  Tempest  
  113  14:16  Tempest  
  112  14:19  Probe  
  112  14:20  Probe  
  112  14:22  Probe  
  115  14:27  Assimilator  
  115  14:29  Carrier x3  
  115  14:30  Assimilator  
  133  14:32  Probe (Chrono Boost)  
  133  14:34  Photon Cannon  
  133  14:35  Probe (Chrono Boost), Assimilator  
  136  14:39  Probe (Chrono Boost)  
  136  14:44  Probe (Chrono Boost)  
  138  14:46  Photon Cannon  
  138  14:48  Probe (Chrono Boost)  
  138  14:49  Probe x2 (Chrono Boost), Photon Cannon  
  138  14:51  Photon Cannon  
  140  14:53  Photon Cannon  
  140  14:55  Photon Cannon  
  140  14:56  Probe  
  140  14:57  Observer, Photon Cannon  
  140  14:58  Shield Battery, Protoss Air Weapons Level 3 (Chrono Boost)  
  140  14:59  Probe x2 (Chrono Boost), Tempest  
  149  15:00  Shield Battery  
  149  15:04  Shield Battery  
  149  15:08  Shield Battery  
  149  15:11  Probe (Chrono Boost), Assimilator, Mothership (Chrono Boost)  
  160  15:14  Probe (Chrono Boost)  
  160  15:16  Probe (Chrono Boost)  
  160  15:18  Observer, Assimilator  
  160  15:20  Probe (Chrono Boost)  
  163  15:23  Probe (Chrono Boost)  
  163  15:26  Probe (Chrono Boost)  
  164  15:32  Tempest, Photon Cannon  
  164  15:33  Tempest  
  164  15:34  Probe  
  175  15:37  Probe  
  176  15:44  Carrier  
  176  15:45  Tempest  
  176  15:46  Probe  
  188  15:53  Photon Cannon  
  187  15:58  Probe  
  182  16:10  Probe  
  162  16:15  Phoenix  
  157  16:22  Probe  
  156  16:31  Tempest  
  156  16:32  Tempest  
  162  16:36  Probe x3  
  165  16:40  Tempest  
  170  16:48  Probe x3  
  173  17:00  Probe x3  
  174  17:12  Probe  
  165  17:22  Void Ray x3  
  150  17:23  Void Ray  
  143  17:49  Protoss Air Armor Level 3  
  143  17:50  Stargate  
  143  17:52  Stargate  
  143  17:54  Stargate  
  149  18:05  Carrier x2, Phoenix  
  149  18:06  Phoenix  
  149  18:12  Nexus  
  159  18:14  Gateway  
  159  18:15  Gateway  
  159  18:16  Pylon  
  159  18:17  Twilight Council  
  159  18:19  Pylon  
  159  18:21  Pylon  
  159  18:23  Pylon  
  159  18:25  Pylon  
  159  18:26  Pylon  
  159  18:31  Carrier, Void Ray  
  169  18:42  Carrier x2  
  169  18:43  Tempest  
  186  18:54  Unknown  
  198  19:10  Carrier x2  
  198  19:14  Phoenix  
  198  19:17  Photon Cannon  
  199  19:19  Photon Cannon  
  199  19:20  Photon Cannon  
  199  19:28  Pylon  
  199  19:33  Void Ray  
Show
View Real Time Build Order
Export as new Build Order

Massa Terran - Winner!

Build Orders: Mech 

Get SALT Encoding   

  12  0:00  SCV  
  13  0:12  SCV  
  14  0:20  Supply Depot  
  14  0:25  SCV  
  15  0:42  SCV  
  16  0:43  Barracks  
  16  0:54  SCV  
  17  1:12  SCV  
  17  1:17  Refinery  
  18  1:24  SCV  
  19  1:36  SCV  
  19  1:37  Command Center  
  20  1:47  Marine  
  20  1:48  SCV  
  20  1:51  Supply Depot  
  22  2:00  SCV  
  23  2:13  SCV  
  24  2:17  Marine  
  25  2:25  SCV  
  25  2:29  Factory  
  26  2:33  Supply Depot  
  26  2:39  Orbital Command  
  26  2:42  Reaper  
  27  2:50  Refinery  
  27  2:52  Engineering Bay  
  27  3:01  Barracks  
  27  3:06  Orbital Command  
  27  3:14  SCV  
  27  3:15  Factory Tech Lab  
  28  3:23  Barracks Tech Lab  
  28  3:28  SCV  
  28  3:33  SCV  
  30  3:36  Siege Tank  
  30  3:40  SCV  
  34  3:42  Marine  
  34  3:45  SCV  
  36  3:52  SCV  
  37  4:00  Marine  
  37  4:11  Cyclone  
  37  4:13  Barracks Reactor  
  37  4:15  Stimpack  
  37  4:16  SCV x2  
  42  4:18  Marine  
  42  4:23  Missile Turret  
  43  4:25  Missile Turret  
  43  4:28  SCV x2  
  43  4:29  Refinery  
  45  4:33  Command Center  
  45  4:40  SCV  
  45  4:41  SCV  
  45  4:42  Starport  
  45  4:45  Marine  
  48  4:48  Widow Mine  
  48  4:49  Marine x2  
  52  4:53  SCV  
  53  5:03  Marine  
  54  5:33  Starport Reactor  
  54  5:38  Supply Depot  
  54  5:40  Supply Depot x2  
  54  5:41  Armory  
  54  5:42  Supply Depot  
  54  5:45  SCV x2, Marine x3, Cyclone  
  62  5:55  Combat Shield  
  62  5:59  Factory  
  62  6:03  Marine x2  
  64  6:04  Factory  
  64  6:06  SCV x3, Supply Depot  
  64  6:07  Supply Depot  
  67  6:11  Refinery  
  67  6:12  Medivac  
  67  6:17  Widow Mine  
  67  6:18  SCV  
  72  6:20  Marine  
  72  6:24  Terran Infantry Weapons Level 1  
  73  6:26  SCV  
  73  6:31  SCV  
  75  6:38  SCV, Marine  
  75  6:39  Missile Turret  
  77  6:41  Medivac  
  77  6:43  SCV  
  77  6:45  Marine x2  
  82  6:50  SCV, Orbital Command  
  83  6:55  SCV  
  83  6:56  Marine  
  83  6:57  Missile Turret  
  85  7:01  Missile Turret  
  85  7:02  Marine  
  85  7:07  Medivac  
  88  7:13  SCV x2  
  90  7:18  Factory Tech Lab, Factory Reactor  
  90  7:21  Cyclone  
  90  7:22  Drilling Claws  
  93  7:25  SCV x2  
  95  7:31  Terran Vehicle Weapons Level 1  
  95  7:37  Engineering Bay  
  95  7:43  SCV x3, Supply Depot x2  
  98  7:44  Supply Depot  
  98  7:45  Refinery, Supply Depot  
  98  7:51  Marauder, Marine x2  
  101  7:58  Barracks  
  102  8:02  Barracks  
  102  8:08  Marine  
  102  8:09  Marine, Supply Depot  
  102  8:10  Supply Depot  
  102  8:11  Supply Depot  
  102  8:12  Marauder  
  106  8:18  Terran Infantry Armor Level 1  
  106  8:22  Medivac  
  106  8:23  Medivac  
  106  8:26  Marine x2  
  111  8:31  Thor  
  111  8:32  Thor  
  111  8:33  Widow Mine, Marauder  
  128  8:34  Widow Mine  
  128  8:37  Refinery  
  128  8:41  Smart Servos  
  130  8:44  Marine x2  
  132  8:50  Terran Infantry Weapons Level 2  
  132  8:53  SCV x2  
  132  8:54  SCV  
  132  8:55  Widow Mine  
  137  8:56  Widow Mine  
  139  9:05  SCV  
  140  9:22  Thor x2  
  114  9:40  Barracks Reactor, Barracks Tech Lab, Marauder, Marine x2  
  110  9:58  Marine x2  
  112  10:01  Marauder  
  112  10:02  Widow Mine x2  
  112  10:04  Marauder  
  120  10:10  Medivac x2  
  124  10:16  Marine x2  
  126  10:22  Marauder  
  126  10:24  SCV  
  126  10:25  SCV x2, Marauder  
  133  10:30  Marine x2  
  133  10:32  Command Center  
  133  10:34  Marine x2, Thor x2  
  153  10:35  Widow Mine x2  
  153  10:36  SCV  
  153  10:37  SCV x2  
  156  10:44  Marauder  
  156  10:46  Marine  
  156  10:47  Terran Infantry Armor Level 2  
  156  10:48  SCV, Marine x2, Supply Depot  
  156  10:49  SCV x2, Supply Depot  
  164  10:50  Supply Depot  
  164  10:51  Marine, Terran Vehicle And Ship Armor Level 1, Supply Depot  
  164  10:52  Marine  
  164  10:57  Widow Mine  
  168  11:00  SCV  
  168  11:01  SCV x2  
  167  11:04  Marauder  
  167  11:05  Marauder, Marine  
  163  11:12  Supply Depot  
  163  11:13  SCV x2  
  157  11:19  Marine x3  
  157  11:20  Siege Tank x2  
  157  11:21  Widow Mine x2  
  157  11:23  Marine  
  156  11:26  Marauder x2  
  150  11:37  Marine x2  
  146  11:42  Widow Mine x2  
  150  11:47  Marauder  
  150  11:48  Marauder  
  144  12:09  Marauder x2  
  144  12:11  Marine  
  144  12:12  Marine x3  
  152  12:19  Barracks  
  146  12:23  Barracks x2  
  146  12:29  Marine  
  147  12:30  Marauder, Marine x2  
  147  12:31  Marauder  
  122  12:51  Marauder  
  122  12:52  Marauder  
  122  12:53  Marine  
  122  12:54  Marine x3  
  124  13:08  Barracks x2  
  124  13:11  Marine  
  124  13:12  Marine x3  
  126  13:13  Marauder x2  
  126  13:14  Planetary Fortress  
  126  13:16  SCV x3  
  126  13:19  Refinery x2  
  133  13:20  Terran Infantry Weapons Level 3, Terran Infantry Armor Level 3  
  133  13:21  Terran Vehicle Weapons Level 2  
  133  13:28  SCV  
  133  13:29  SCV, Marine  
  133  13:30  SCV, Marine, Command Center  
  133  13:33  Command Center  
  133  13:34  Marauder  
  133  13:35  Marauder  
  133  13:37  Medivac x2  
  133  13:40  SCV  
  127  13:42  SCV  
  127  13:47  Barracks Tech Lab  
  127  13:48  Barracks Reactor x2  
  128  13:50  Starport  
  128  13:51  Marine  
  128  13:52  Marine x3  
  128  13:55  Thor  
  140  13:56  Marauder x2  
  140  13:57  Widow Mine  
  144  14:07  Medivac x2  
  144  14:09  Marine  
  137  14:10  Marine x3  
  137  14:13  Thor  
  137  14:15  Widow Mine  
  148  14:17  Marauder, Marine  
  148  14:18  Widow Mine  
  151  14:26  Barracks Reactor, Barracks Tech Lab  
  151  14:27  Starport Reactor, Marine  
  152  14:31  SCV x3  
  152  14:32  SCV  
  152  14:37  Medivac  
  152  14:38  Thor  
  164  14:43  SCV x2  
  164  14:44  SCV x2  
  168  14:45  Missile Turret  
  168  14:53  Widow Mine x2  
  168  14:57  Widow Mine  
  168  14:59  Medivac  
  176  15:01  Concussive Shells  
  176  15:04  Missile Turret  
  176  15:07  Medivac  
  178  15:14  Widow Mine  
  178  15:17  Planetary Fortress  
  178  15:19  Missile Turret  
  180  15:23  Planetary Fortress, Missile Turret  
  180  15:27  Refinery  
  180  15:29  Refinery, Medivac  
  182  15:36  Terran Vehicle And Ship Armor Level 2  
  182  15:37  Medivac  
  182  15:39  Missile Turret  
  184  15:43  Missile Turret  
  184  15:53  Marauder x3, Marine  
  184  15:54  Marine x5  
  184  15:55  Marine  
  184  15:56  Widow Mine  
  199  15:58  Missile Turret  
  164  16:11  Marine  
  164  16:15  Marauder x3  
  164  16:17  Missile Turret  
  152  16:22  Viking x3  
  152  16:23  Viking  
  152  16:25  Marine  
  150  16:36  Marauder x3  
  150  16:37  Widow Mine x4  
  161  16:52  Viking x4  
  161  16:55  Marine x8  
  161  16:57  Marauder, Marine x2  
  161  16:58  Widow Mine  
  161  16:59  Widow Mine x3  
  179  17:12  Marine  
  179  17:13  Marine x2  
  186  17:15  Marauder x2  
  186  17:19  Marauder  
  186  17:20  Widow Mine  
  186  17:22  Medivac x3  
  196  17:34  Neosteel Armor, Hi-Sec Auto Tracking  
  198  17:37  Marauder  
  198  17:53  Terran Vehicle Weapons Level 3  
  169  18:15  Refinery x2  
  157  18:32  Marauder x2, Marine x2  
  157  18:33  Thor x2  
  155  18:48  Medivac  
  155  18:49  Medivac x3  
  134  19:14  Widow Mine x2  
  134  19:16  Marauder x3, Marine, Thor x2  
  153  19:17  Marine x2  
  153  19:18  Medivac  
  157  19:25  Ghost Academy  
  157  19:36  Widow Mine x2  
  157  19:37  Marauder x3  
  167  19:49  Medivac x3  
  167  19:50  Medivac  
  175  19:52  Command Center  
  175  19:57  Widow Mine x2  
  175  19:58  Marauder  
  175  19:59  Marauder x2, Thor x2  
  197  20:20  Marauder x3  
Show
View Real Time Build Order
Export as new Build Order

EMV Terran 

Build Orders:  

Get SALT Encoding   

  12  0:00  SCV  
  13  0:12  SCV  
  14  0:18  Supply Depot  
  14  0:24  SCV  
  15  0:29  Refinery  
  15  0:40  SCV  
  16  0:46  Barracks  
  16  0:53  SCV  
  17  1:05  SCV  
  18  1:17  SCV  
  19  1:36  Marine  
  20  1:44  Factory  
  20  1:45  Orbital Command  
  20  1:54  Marine  
  22  2:18  SCV  
  23  2:23  Barracks Reactor  
  23  2:29  Factory Tech Lab  
  22  2:30  SCV  
  23  2:42  Refinery  
  23  2:43  Command Center  
  23  2:48  Supply Depot  
  23  3:10  SCV, Siege Tank  
  23  3:11  Supply Depot  
  27  3:13  Marine x2  
  29  3:22  SCV  
  29  3:25  Engineering Bay  
  30  3:30  Marine  
  30  3:33  Marine  
  32  3:34  SCV  
  32  3:35  Supply Depot  
  33  3:48  SCV  
  33  3:51  Marine x2  
  36  4:00  SCV  
  36  4:01  Siege Tank  
  40  4:05  Starport  
  40  4:09  Orbital Command  
  40  4:15  Marine x2  
  42  4:28  SCV  
  42  4:29  Terran Infantry Weapons Level 1  
  43  4:38  SCV  
  44  4:39  Barracks  
  44  4:40  SCV  
  44  4:44  Starport Reactor  
  45  4:50  SCV  
  45  4:52  SCV  
  47  4:54  Barracks  
  47  4:59  Missile Turret  
  47  5:01  Missile Turret  
  47  5:03  SCV  
  48  5:08  SCV  
  48  5:13  Marine  
  50  5:15  SCV  
  50  5:20  Missile Turret  
  51  5:23  Medivac x2  
  51  5:27  Barracks Tech Lab  
  51  5:28  Missile Turret  
  55  5:34  SCV x2  
  57  5:36  Missile Turret  
  57  5:40  Missile Turret  
  57  5:46  Marine x2  
  57  5:49  Barracks Tech Lab, Stimpack  
  59  5:59  Siege Tank  
  59  6:04  Supply Depot  
  62  6:05  Medivac  
  62  6:06  Supply Depot  
  64  6:12  Engineering Bay  
  64  6:14  SCV x2  
  64  6:18  Refinery  
  66  6:23  Refinery  
  66  6:26  SCV x2, Missile Turret, Hi-Sec Auto Tracking  
  68  6:33  Marine x3  
  68  6:36  Medivac  
  68  6:38  SCV  
  74  6:43  SCV  
  75  6:50  SCV  
  75  6:51  Marauder, Marine x2  
  80  6:55  SCV  
  80  7:12  Marine x3  
  83  7:20  SCV x2  
  85  7:24  Missile Turret  
  85  7:29  Marine  
  85  7:30  Missile Turret  
  85  7:31  Command Center  
  85  7:35  Missile Turret, Supply Depot  
  85  7:36  SCV x2, Marine  
  89  7:38  Supply Depot  
  89  7:39  Siege Tank  
  89  7:42  Combat Shield  
  92  7:48  SCV x2  
  94  7:53  Terran Infantry Armor Level 1  
  94  7:57  Medivac  
  96  7:59  Armory  
  96  8:00  SCV  
  96  8:01  SCV  
  96  8:02  Supply Depot  
  98  8:18  Marauder, Marine x2  
  102  8:35  Marine  
  102  8:36  Marine  
  102  8:40  Marauder  
  102  8:41  SCV x2  
  107  8:53  SCV  
  108  8:59  Command Center  
  108  9:01  Marauder  
  110  9:04  Medivac x2  
  73  9:52  Marauder, Marine x2  
  72  9:54  Siege Tank  
  72  9:58  Marauder, Medivac x2  
  81  10:05  Planetary Fortress  
  81  10:10  Marine x2  
  85  10:14  Marauder  
  85  10:19  Marauder  
  85  10:20  Orbital Command  
  87  10:22  SCV x2  
  87  10:25  Refinery  
  87  10:27  Marine  
  87  10:28  Marine  
  91  10:29  Refinery, Medivac x2  
  91  10:34  SCV  
  98  10:35  Marauder  
  98  10:36  Siege Tank  
  98  10:41  Marauder  
  103  10:44  Factory  
  103  10:45  Factory x2, Marine x2  
  103  10:49  SCV x4  
  109  10:57  Marauder  
  111  10:59  Missile Turret  
  111  11:00  Missile Turret  
  111  11:01  SCV x2  
  111  11:02  SCV x2, Marauder, Missile Turret x2  
  111  11:03  Marine  
  100  11:18  Marauder  
  83  11:37  Marine  
  83  11:38  Marauder, Marine  
  83  11:39  Marauder  
  83  11:41  Factory Tech Lab x3  
  83  11:46  Medivac x2  
  83  11:55  Marine x2  
  83  11:59  Missile Turret  
  83  12:00  Marauder, Missile Turret x2  
  83  12:01  Marauder  
  87  12:02  SCV x4  
  89  12:11  Siege Tank x3  
  89  12:13  Marine x2  
  89  12:14  SCV  
  101  12:16  Thor  
  101  12:21  Marauder  
  101  12:22  Marine  
  99  12:31  Marine x2  
  98  12:39  Marine  
  98  12:42  Marine  
  99  12:51  Marine x2  
  99  12:53  Siege Tank x3  
  99  12:55  SCV x2  
  99  12:58  Marauder  
  112  12:59  Siege Tank  
  112  13:00  Marauder  
  117  13:09  Marine x2  
  119  13:19  Marauder  
  120  13:21  Marauder  
  120  13:26  Marine x2  
  115  13:41  Marauder  
  111  13:43  Marauder  
  111  13:44  Marine x2  
  113  14:02  Marauder, Marine x2  
  112  14:04  Marauder  
  112  14:06  SCV x3  
  112  14:07  SCV  
  105  14:18  SCV x2  
  105  14:19  SCV x2  
  105  14:20  Marine x2  
  105  14:23  Marine  
  112  14:25  Marine  
  112  14:30  SCV x2  
  112  14:31  SCV x2  
  117  14:35  Refinery  
  117  14:38  Marine x2  
  119  14:41  Marauder  
  119  14:43  Marauder  
  119  14:45  Thor x4  
  147  14:54  SCV  
  147  14:59  Marine x2, Supply Depot  
  148  15:00  SCV x3, Supply Depot  
  148  15:02  Marine, Supply Depot x2  
  148  15:04  Marine  
  148  15:06  SCV  
  156  15:15  Medivac x2  
  156  15:17  Marine x2  
  156  15:20  Marauder, Command Center  
  163  15:23  Marauder  
  163  15:28  Thor  
  170  15:34  Thor  
  170  15:35  Marine x2, Thor x2  
  188  15:41  Marine  
  191  15:43  Marine  
  192  15:51  Command Center  
  131  16:23  Thor x4  
  131  16:24  Marine x3  
  130  16:36  Marauder  
  132  16:41  Marine  
  132  16:42  Marine  
  132  16:43  Marauder  
  136  16:57  Marine  
  136  16:59  Marine  
  138  17:15  Thor x3  
  147  17:39  Marauder, Marine x2  
  147  17:40  Marauder  
  147  17:41  Thor  
  158  17:49  Planetary Fortress  
  159  17:51  Refinery, SCV x4  
  159  17:52  Refinery  
  159  17:57  Marine x2  
  164  18:01  Marauder x2  
  168  18:14  Marine  
  168  18:15  Marine  
  170  18:22  Marauder, Marine  
  173  18:28  Siege Tank x3  
  173  18:29  SCV  
  173  18:30  SCV x3  
  173  18:32  Marine x2  
  186  18:40  Marauder  
  187  18:44  Marauder  
  184  18:50  Marine x2  
  178  19:00  Siege Tank  
  178  19:02  Marauder  
  179  19:05  Marauder  
  179  19:08  Marine x2  
  176  19:23  Marauder  
  178  19:26  Marine x2  
  178  19:29  Marine  
  181  19:44  Marauder, Marine x2  
  173  19:47  Marine  
  101  20:06  Marauder  
  101  20:07  Armory  
Show
View Real Time Build Order
Export as new Build Order

Markus Protoss 

Build Orders: Carriers 

Get SALT Encoding   

  12  0:00  Probe (Chrono Boost)  
  13  0:14  Pylon  
  13  0:18  Probe  
  14  0:42  Gateway  
  14  0:44  Probe  
  15  1:04  Probe (Chrono Boost)  
  15  1:10  Assimilator  
  16  1:15  Probe (Chrono Boost)  
  17  1:20  Probe (Chrono Boost)  
  18  1:28  Assimilator  
  18  1:31  Pylon  
  18  1:35  Probe  
  19  1:42  Cybernetics Core  
  19  1:43  Pylon  
  19  1:50  Pylon  
  19  1:55  Probe  
  19  2:00  Pylon  
  20  2:07  Probe  
  21  2:19  Probe (Chrono Boost)  
  22  2:26  Stargate  
  22  2:30  Probe (Chrono Boost)  
  22  2:35  Probe (Chrono Boost)  
  23  2:45  Probe  
  23  2:49  Stargate  
  24  2:57  Probe  
  25  3:05  Nexus  
  25  3:09  Void Ray  
  25  3:19  Probe (Chrono Boost)  
  30  3:28  Pylon  
  30  3:30  Probe (Chrono Boost)  
  31  3:35  Void Ray  
  35  3:44  Probe  
  35  4:05  Probe  
  36  4:18  Pylon  
  36  4:19  Probe (Chrono Boost)  
  36  4:22  Probe (Chrono Boost)  
  38  4:27  Pylon  
  38  4:29  Probe (Chrono Boost)  
  40  4:32  Probe (Chrono Boost)  
  40  4:34  Probe (Chrono Boost)  
  40  4:36  Assimilator  
  41  4:40  Assimilator  
  41  4:41  Probe  
  42  4:50  Void Ray  
  42  4:53  Probe  
  42  4:54  Probe  
  42  4:56  Protoss Air Weapons Level 1  
  48  5:21  Void Ray (Chrono Boost)  
  44  5:30  Shield Battery  
  44  5:32  Void Ray (Chrono Boost)  
  44  5:36  Forge  
  48  5:51  Probe x2  
  50  6:04  Fleet Beacon  
  50  6:11  Photon Cannon  
  50  6:15  Photon Cannon  
  50  6:17  Probe (Chrono Boost)  
  52  6:18  Probe (Chrono Boost)  
  52  6:29  Probe (Chrono Boost)  
  52  6:30  Void Ray x2  
  54  6:34  Probe (Chrono Boost)  
  54  6:37  Pylon  
  54  6:39  Protoss Shields Level 1  
  62  6:41  Probe, Pylon  
  63  7:14  Probe  
  63  7:15  Probe  
  65  7:22  Carrier x2 (Chrono Boost)  
  65  7:27  Probe x2  
  79  7:32  Pylon  
  79  7:45  Probe x2  
  79  7:48  Nexus  
  81  7:55  Assimilator  
  81  8:00  Pylon  
  81  8:01  Pylon  
  81  8:10  Stargate  
  81  8:17  Protoss Air Weapons Level 2 (Chrono Boost)  
  81  8:23  Carrier  
  87  8:33  Probe x2  
  89  8:45  Probe x2  
  91  8:57  Probe x2  
  89  9:05  Carrier x2 (Chrono Boost)  
  89  9:09  Probe  
  82  9:41  Carrier (Chrono Boost)  
  80  9:59  Shield Battery  
  80  10:20  Photon Cannon  
  80  10:25  Shield Battery  
  80  10:26  Tempest, Carrier  
  80  10:27  Assimilator  
  91  10:33  Probe (Chrono Boost)  
  94  10:38  Probe x2 (Chrono Boost)  
  95  10:43  Probe (Chrono Boost), Stargate  
  95  10:44  Stargate  
  95  10:47  Probe x2 (Chrono Boost)  
  95  10:48  Probe (Chrono Boost)  
  98  10:52  Tempest  
  103  11:00  Protoss Air Weapons Level 3 (Chrono Boost)  
  103  11:01  Cybernetics Core  
  103  11:02  Pylon  
  103  11:07  Pylon  
  85  11:33  Carrier x2  
  91  11:55  Shield Battery  
  91  11:57  Carrier  
  97  12:17  Shield Battery  
  91  12:40  Carrier x2  
  91  12:43  Tempest  
  108  12:59  Robotics Facility  
  108  13:12  Tempest, Carrier  
  80  14:08  Carrier x3  
  98  14:18  Carrier  
  98  14:21  Probe x2  
  98  14:24  Nexus  
  106  14:28  Probe  
  107  14:33  Probe x2  
  109  14:40  Probe  
  109  14:44  Carrier  
  116  14:48  Probe x2  
  116  14:52  Probe  
  119  14:56  Nexus  
  119  14:57  Assimilator  
  119  15:00  Pylon  
  119  15:03  Probe x2, Pylon  
  119  15:04  Probe  
  119  15:06  Assimilator  
  122  15:14  Tempest, Carrier x2  
  139  15:29  Shield Battery  
  139  15:32  Carrier  
  145  15:53  Tempest  
  150  15:59  Observer  
  128  16:21  Observer  
  117  16:28  Carrier (Chrono Boost)  
  105  16:40  Shield Battery  
  105  16:41  Shield Battery  
  92  17:07  Carrier x2 (Chrono Boost)  
  64  17:33  Tempest x2  
  68  18:15  Nexus  
  68  18:57  Pylon  
  68  19:01  Pylon  
  68  19:02  Pylon  
  68  19:16  Probe x2  
  70  19:18  Void Ray  
  70  19:19  Void Ray x3  
  70  19:21  Assimilator  
  70  19:28  Probe x2  
  88  19:40  Probe x2  
  88  19:43  Pylon  
  90  19:45  Fleet Beacon  
  90  19:52  Probe x2  
  92  19:53  Pylon  
  92  19:56  Pylon  
  92  20:08  Probe x3  
Tags
 
Add a new tag
Caveats
  • Supply blocks, unpowered buildings, or Contaminate may cause inaccurate times.
  • Supply counts are checked every 10 seconds.